GagarinX, neutral female human Valkyrie --------------- |.............| |.......<.....| ------------- |.............| |".........*. |.............| |.....*.....| ------.-|------ |...--.--.).| # ## #....|@{d|...| ### # #[#|..`|{n{|*..+ # ## # |...|.{.|...| ### --.---- ### |...-----...| # |.....| # |.....`.....| ######### #%##|......## |`.........(| --|-------- # |.....| ------------- |..^.......## ------- |.>.......| ----------- GagarinX the Fighter Experience level: 6 Strength: 18/03 Dexterity: 10 Constitution: 16 Intelligence: 8 Wisdom: 9 Charisma: 9 Health: 0(58) Energy: 18(18) Def: 8 Gold: 604 Moves: 2965 Dungeon seed: 50Pu53dI-vgP0eCL Game ID: GagarinX_1498025263 Your Inventory: Coins $ - 604 gold pieces Amulets m - an uncursed amulet of ESP (being worn) Weapons a - an uncursed rusty +3 spear (weapon in hand) q - an uncursed +0 orcish dagger (in quiver) Armor e - an uncursed +2 small shield named poison (being worn) y - a blessed +0 orcish chain mail (being worn) N - an uncursed +0 orcish helm (being worn) Comestibles d - 2 uncursed food rations Scrolls g - an uncursed scroll of enchant weapon u - an uncursed scroll of scare monster v - an uncursed scroll of light w - an uncursed scroll of genocide E - an uncursed scroll of identify Spellbooks x - an uncursed spellbook of force bolt Potions h - an uncursed potion of fruit juice p - an uncursed potion of sleeping z - an uncursed potion of monster detection F - 2 uncursed potions of hallucination Rings l - an uncursed +1 ring of increase accuracy (on left hand) C - an uncursed +1 ring of increase damage (on right hand) Wands c - an uncursed wand of cold (0:4) o - an uncursed wand of enlightenment (0:11) B - an uncursed wand of fire (0:5) D - an uncursed wand of enlightenment (0:10) Tools f - an uncursed oil lamp (0:1428) k - an uncursed skeleton key Gems n - an uncursed worthless piece of blue glass r - an uncursed worthless piece of orange glass Spells and supernatural/magical abilities: Name Level Category Fail Memory W - pray for help -- divine ? -- Your skills at the end: Miscellaneous Skills shield [Basic] wands [Basic] stealth [Basic] Weapon Skills dagger [Basic] spear [Basic] Spellcasting Skills Final Attributes: You were devoutly aligned. You were cold resistant. You were poison resistant. You were hallucinating. Your writing hand was thoroughly cramped from overuse. You were telepathic. You were somewhat stealthy. You could fly. You had a +1 bonus to hit. You had a +1 damage bonus. You are dead. Vanquished creatures: a giant beetle 2 brown puddings a baby crocodile 3 rock piercers a fog cloud a shrieker a gnome lord an elf zombie 5 giant ants 4 floating eyes 2 iguanas 2 hill orcs 2 rothes a giant bat a coyote a gas spore a large kobold 2 geckos a giant rat a cave spider a yellow mold a green mold a red mold a garter snake 5 jackals 2 kobolds 4 newts 2 goblins a sewer rat 3 grid bugs a lichen a kobold zombie and a partridge in a pear tree 57 creatures vanquished. Voluntary challenges: You did not cause conflict. You were not invisible. You did not have reflection. You were not displaced. You used a wielded weapon 53 times, starting on turn 219. You did not apply a unicorn horn. You did not use plumbed fixtures. You read items or engraved 7 times, starting on turn 405. You never genocided any monsters. You never polymorphed an object. You never changed form. You used no wishes. You split 1 pudding, starting on turn 2749. You wrote Elbereth's name 6 times, starting on turn 405. You violated your moral code, losing 1 point of alignment, starting on turn 2956. Dungeon overview: The Dungeons of Doom: levels 1 to 7 Level 1 (vault) a long staircase Level 2 (locked shop) a fountain stairs to The Gnomish Mines Level 3 an altar to Loki, a fountain Level 4 (Vault) Level 5 Level 6 (Vault) a fountain, a sink Level 7 <- You were here many fountains The Gnomish Mines: Level 3 stairs to The Dungeons of Doom History has recorded: On T:1 you entered the Dungeons of Doom to retrieve the Amulet of Yendor! On T:22 you reached level 2 of The Dungeons of Doom. On T:357 you reached level 3 of The Dungeons of Doom. On T:490 you reached level 1 of The Gnomish Mines. On T:882 you reached level 4 of The Dungeons of Doom. On T:1102 you advanced to experience level 2. On T:1296 you reached level 5 of The Dungeons of Doom. On T:1698 you reached level 6 of The Dungeons of Doom. On T:1806 you advanced to experience level 3. On T:2041 you reached level 7 of The Dungeons of Doom. On T:2463 you advanced to experience level 4. On T:2539 you advanced to experience level 5. On T:2794 you advanced to experience level 6. Score breakdown: Gold: 604 ( 60 points) Experience: 6 levels ( 500 points) Exploration: 7 levels ( 180 points) Discoveries: 19 items ( 950 points) Variety of kills: 32 monsters ( 1600 points) Major goal: (nothing yet) ( 0 points) Survival: died (score multiplied by 3) Total score: 9870 Latest messages: F - 3 white potions. Oh wow! Everything looks so cosmic! You see here a statue of a plains centaur. Please move the cursor to an unknown object. Never mind. Please move the cursor to an unknown object. Never mind. You destroy the snake! The leprechaun boings! You rebuke the red mold! The giant spider whines. You hesitate for a moment, bothered by your conscience. The ghoul gets angry! You implicate the dog! You are hit by magic missiles appearing from thin air! You hug the killer bee! You are hit by magic missiles appearing from thin air! You die... Final status: Farvel GagarinX the Valkyrie, killed by the hallucinogen-distorted Oracle... You died in The Dungeons of Doom on dungeon level 7 with 9870 points, and 604 pieces of gold, after 2965 moves. You were level 6 with a maximum of 58 hit points when you died.